 Dungeon Crawl Stone Soup version 0.31.0-12-g77e489cdc1 (webtiles) character file.

Game seed: 16870985862459787985

11172 Gadfly the Covert (level 11, -12/56 HPs)
             Began as a Spriggan Enchanter on Feb 22, 2024.
             Was an Initiate of Gozag.
             Mangled by a three-headed hydra simulacrum (35 damage)
             ... in an ice cave.
             The game lasted 00:31:53 (14049 turns).

Gadfly the Covert (Spriggan Enchanter)             Turns: 14049, Time: 00:31:54

Health: -12/56     AC:  5    Str:  7    XL:     11   Next: 45%
Magic:  21/24      EV: 30    Int: 19    God:    Gozag
Gold:   1880       SH:  0    Dex: 33    Spells: 17/27 levels left

rFire   . . .        a - +1 dagger (elec)
rCold   . . .        (no shield)
rNeg    + . .        K - +2 robe of Orthodoxy {rN+ Str+3 Dex+3}
rPois   .            (helmet restricted)
rElec   .            C - +0 cloak {Stlth+}
rCorr   .            (gloves unavailable)
SInv    +            (boots unavailable)
Will    ++...        B - amulet of Sogobeyt {Will+ Regen+}
Stlth   +++++++      t - +6 ring of dexterity
HPRegen 1.09/turn    i - +6 ring of dexterity
MPRegen 0.19/turn

%: no passive effects
@: confusing by touch, very quick
A: very small, no large weapons, unfitting armour, see invisible, speed 3
a: Renounce Religion, Potion Petition, Call Merchant, Bribe Branch


You were in an ice cave.
You worshipped Gozag.
Gozag was most pleased with you.
You visited 2 branches of the dungeon, and saw 12 of its levels.
You also visited: Ossuary and Ice Cave.

You collected 2230 gold pieces.
You spent 271 gold pieces at shops.
You paid 79 gold pieces to Gozag.

Inventory:

Hand Weapons
 a - a +1 dagger of electrocution (weapon)
 b - a +2 dagger of draining
 H - a +1 rapier of draining
Armour
 C - a +0 cloak of stealth (worn)
 K - the +2 robe of Orthodoxy (worn) {rN+ Str+3 Dex+3}
   (You found it on level 9 of the Dungeon)

   Str+3:     It affects your strength (+3).
   Dex+3:     It affects your dexterity (+3).
   rN+:       It protects you from negative energy.
Jewellery
 f - a ring of willpower
 i - a +6 ring of dexterity (right hand)
 t - a +6 ring of dexterity (left hand)
 B - the amulet of Sogobeyt (around neck) {Will+ Regen+}
   (You acquired it on level 7 of the Dungeon)

   [amulet of regeneration]

   Will+:     It increases your willpower.
   Regen+:    It increases your rate of health regeneration.
 G - a ring of flight
Wands
 l - a wand of quicksilver (7)
 u - a wand of flame (17)
 v - a wand of paralysis (14)
 y - a wand of digging (9)
 J - a wand of iceblast (13)
Scrolls
 m - a scroll of fear
 n - 4 scrolls of amnesia
 o - a scroll of enchant armour
 q - 3 scrolls of teleportation
 r - 3 scrolls of poison
 E - a scroll of fog
 I - a scroll of identify
Potions
 c - a potion of invisibility
 d - 3 potions of haste
 e - 4 potions of curing
 g - 2 potions of attraction
 h - 3 potions of ambrosia
 j - a potion of brilliance {unknown}
 k - a potion of mutation
 p - 2 potions of magic
 w - a potion of resistance
 x - a potion of lignification
 A - 2 potions of enlightenment
 D - a potion of might
 F - a potion of cancellation


   Skills:
 + Level 5.8 Fighting
 + Level 7.8 Short Blades
 + Level 9.3 Dodging
 + Level 11.5 Stealth
 + Level 8.5 Spellcasting
 + Level 9.2 Hexes
 + Level 8.8 Evocations


You had 17 spell levels left.
You knew the following spells:

 Your Spells              Type           Power      Damage    Failure   Level
a - Ensorcelled Hibernat  Hex/Ice        50%        N/A       1%          2
b - Confusing Touch       Hex            43%        N/A       1%          3
c - Summon Mana Viper     Hex/Summ       25%        N/A       34%         5

Your spell library contained the following spells:

 Spells                   Type           Power      Damage    Failure   Level
 Slow                     Hex            100%       N/A       1%          1
 Sigil of Binding         Hex            43%        N/A       1%          3
 Tukima's Dance           Hex            43%        N/A       1%          3
 Dazzling Flash           Conj/Hex       50%        N/A       3%          3
 Apportation              Tloc           16%        N/A       9%          1
 Necrotise                Necr           32%        1d5       9%          1
 Sting                    Conj/Alch      32%        1d5       9%          1
 Summon Small Mammal      Summ           32%        N/A       9%          1
 Stone Arrow              Conj/Erth      16%        3d8       26%         3
 Summon Ice Beast         Ice/Summ       8%         N/A       26%         3
 Vampiric Draining        Necr           8%         2d6       26%         3
 Animate Armour           Summ/Erth      16%        N/A       65%         4
 Monstrous Menagerie      Summ           4%         N/A       100%        7
 Lehudib's Crystal Spear  Conj/Erth      4%         10d3      100%        8


Dungeon Overview and Level Annotations

Branches:
Dungeon (11/15)            Temple (1/1) D:4            Lair (0/5) D:10
    Orc (0/2) D:10        Ossuary (visited)           IceCv (1/1)

Altars:
Ashenzari
Cheibriados
Dithmenos
Elyvilon
Fedhas
Gozag
Hepliaklqana
Kikubaaqudgha
Makhleb
Nemelex Xobeh
Okawaru
Qazlal
Ru
Sif Muna
Trog
Uskayaw
Vehumet
Wu Jian
Xom
Yredelemnul
Zin
The Shining One

Shops:
D:4 *(*   D:8 !


Innate Abilities, Weirdness & Mutations

You are very small and have problems with some larger weapons.
You are too small for most types of armour.
You have supernaturally acute eyesight. (SInv)
You cover ground extremely quickly. (Speed+++)


Message History

A harpy simulacrum comes into view.
A dire elephant simulacrum comes into view.
The harpy simulacrum misses you. x2
The harpy simulacrum claws you! The harpy simulacrum freezes you!!
The harpy simulacrum completely misses you.
Casting: Confusing Touch (safe; 1% risk of failure)
Confirm with . or Enter, or press ? or * to list all spells.
Your hands begin to glow red.
The harpy simulacrum completely misses you.
The harpy simulacrum closely misses you.
The harpy simulacrum completely misses you.
The harpy simulacrum barely misses you.
You hit the harpy simulacrum but do no damage.
The harpy simulacrum appears confused.
The harpy simulacrum misses you. The harpy simulacrum claws you.
The harpy simulacrum freezes you!
* * * LOW HITPOINT WARNING * * *
The harpy simulacrum claws itself.
The harpy simulacrum claws itself!
You hit the harpy simulacrum.
The harpy simulacrum is heavily damaged.
The harpy simulacrum completely misses you.
The harpy simulacrum barely misses you.
You puncture the harpy simulacrum!
Lightning courses through the harpy simulacrum!
The harpy simulacrum vaporises!
You start resting.
A three-headed hydra simulacrum is nearby!
You start resting.
Magic restored.
You start resting.
A three-headed hydra simulacrum is nearby!
Casting: Confusing Touch (safe; 1% risk of failure)
Confirm with . or Enter, or press ? or * to list all spells.
Your hands begin to glow red.
The three-headed hydra simulacrum closely misses you.
The three-headed hydra simulacrum completely misses you.
The three-headed hydra simulacrum bites you!
The three-headed hydra simulacrum freezes you!!
Ouch! That really hurt!
You die...
Your body crumbles into a pile of gold.

#.##
#.##
##.#
##.#
#Z.#
#$##
#.##
##.###
#.#@#
#.Z.##
##.#.#
#.##.##
#. ##.#
## #..#
##.##
#..#
#.##


You could see a three-headed hydra simulacrum.

Vanquished Creatures
  A two-headed ogre (D:10)
  The ghost of rozman the Martial Artist, a novice MfSh of Okawaru (D:5)
  An elephant (D:10)
  2 rime drakes (D:11)
  3 trolls
  Sigmund (D:2)
  A wraith (D:10)
  2 shadows
  5 slime creatures (D:11)
  A basilisk (D:10)
  2 wyverns (D:10)
  2 steam dragons
  2 death yak simulacra (IceCv)
  A harpy simulacrum (IceCv)
  An acid dragon (D:9)
  Duvessa (D:5)
  A water moccasin (D:6)
  3 orc warriors (D:10)
  2 ice beasts (D:5)
  3 black bears
  A sky beast (D:6)
  2 ogres (D:10)
  2 centaurs
  A phantom (D:5)
  3 kobold brigands
  4 gnoll sergeants
  5 bullfrogs
  A cane toad simulacrum (IceCv)
  3 scorpions
  21 wights
  5 two-headed ogre simulacra (IceCv)
  2 burial acolytes (Ossuary)
  Dowan (D:5)
  An elephant simulacrum (IceCv)
  13 killer bees
  2 jellies (D:5)
  3 howler monkeys
  4 bombardier beetles
  2 hounds
  Crazy Yiuf (D:2)
  3 orc priests
  A gnoll bouda (D:6)
  3 iguanas
  11 orc wizards
  4 troll simulacra (IceCv)
  A polar bear simulacrum (IceCv)
  5 spriggan simulacra (IceCv)
  A wolf simulacrum (IceCv)
  13 gnolls
  6 adders
  6 naga simulacra (IceCv)
  4 white imps
  4 ufetubi (IceCv)
  An adder skeleton (Ossuary)
  A ribbon worm (D:3)
  5 dart slugs
  30 orcs
  5 endoplasms
  4 giant cockroaches
  4 goblins
  2 hobgoblins
  23 kobolds
  9 quokkas
  8 ball pythons
  2 ball python skeletons (Ossuary)
  5 bats
  3 frilled lizards
  A hobgoblin skeleton (Ossuary)
  4 kobold skeletons (Ossuary)
  An orc skeleton (Ossuary)
  4 rats
287 creatures vanquished.

Vanquished Creatures (others)
  2 ufetubi (D:6)
2 creatures vanquished.

Grand Total: 289 creatures vanquished

Notes
Turn   | Place    | Note
-------+----------+-------------------------------------------
     0 | D:1      | Gadfly the Spriggan Enchanter began the quest for the Orb.
     0 | D:1      | Reached XP level 1. HP: 9/9 MP: 5/5
   133 | D:1      | Found Yzaaqoib's Magic Scroll Shoppe.
   212 | D:1      | Reached XP level 2. HP: 13/13 MP: 6/6
   215 | D:1      | Learned a level 2 spell: Ensorcelled Hibernation
  1249 | D:2      | Reached skill level 1 in Evocations
  1249 | D:2      | Reached XP level 3. HP: 13/17 MP: 2/8
  1502 | D:2      | Noticed Sigmund
  1510 | D:2      | Killed Sigmund
  1511 | D:2      | Reached skill level 1 in Fighting
  1511 | D:2      | Reached skill level 5 in Stealth
  1511 | D:2      | Reached XP level 4. HP: 22/22 MP: 4/10
  1511 | D:2      | Reached XP level 5. HP: 25/25 MP: 4/11
  1542 | D:2      | Learned a level 3 spell: Confusing Touch
  1840 | D:2      | Found a runed translucent door.
  1841 | D:2      | Noticed Crazy Yiuf
  1945 | D:2      | Killed Crazy Yiuf
  1983 | D:3      | Found a hide-covered altar of Uskayaw.
  2088 | D:3      | Found a broken altar of Ashenzari.
  2284 | D:3      | Reached XP level 6. HP: 30/30 MP: 9/12
  2309 | D:3      | Found a glowing silver altar of Zin.
  2317 | D:3      | Found a sacrificial altar of Ru.
  2779 | D:3      | Found an iron altar of Okawaru.
  2895 | D:4      | Found Rughafuc's Weapon Shoppe.
  2897 | D:4      | Found Vuqy's General Store.
  2971 | D:4      | Identified the +0 ring mail of Grottiness {rN+ Str+3 Int+2}
  2998 | D:4      | Found a staircase to the Ecumenical Temple.
  3011 | Temple   | Entered the Ecumenical Temple
  3154 | D:4      | Found Coes's Assorted Antiques.
  3162 | D:4      | Bought a sapphire potion for 25 gold pieces
  3162 | D:4      | Bought a scroll labelled COUVEMM MI OLI for 28 gold pieces
  3164 | D:4      | Bought 2 fizzy ruby potions for 50 gold pieces
  3164 | D:4      | Bought a scroll of identify for 56 gold pieces
  3597 | D:4      | Reached skill level 5 in Hexes
  3613 | D:4      | Found an opulent altar of Gozag.
  3620 | D:4      | Became a worshipper of Gozag Ym Sagoz the Greedy
  3845 | D:4      | Found a shimmering altar of Xom.
  3915 | D:4      | Reached skill level 6 in Stealth
  4152 | D:5      | Entered Level 5 of the Dungeon
  4184 | D:5      | Found a transporter.
  4189 | D:5      | Noticed an ice beast
  4218 | D:5      | Found a transporter.
  4243 | D:5      | Noticed rozman's ghost (novice MfSh)
  4442 | D:5      | Found a stormy altar of Qazlal.
  4465 | D:5      | Reached XP level 7. HP: 35/35 MP: 9/14
  4568 | D:5      | Noticed Dowan
  4570 | D:5      | Noticed Duvessa
  4578 | D:5      | Killed Dowan
  4929 | D:5      | Killed Duvessa
  5386 | D:5      | Reached skill level 5 in Dodging
  5860 | D:5      | Reached skill level 7 in Stealth
  5860 | D:5      | Reached XP level 8. HP: 39/39 MP: 9/16
  5979 | D:5      | Killed rozman's ghost
  5980 | D:5      | Reached skill level 5 in Spellcasting
  6247 | D:6      | Reached skill level 5 in Evocations
  6269 | D:6      | Found a shadowy altar of Dithmenos.
  6373 | D:6      | Found a sand-covered staircase.
  6380 | Ossuary  | Entered an ossuary
  6627 | Ossuary  | Reached skill level 8 in Stealth
  6898 | D:6      | Reached skill level 5 in Short Blades
  6898 | D:6      | Reached XP level 9. HP: 44/44 MP: 18/18
  7724 | D:6      | Found a sparkling altar of Nemelex Xobeh.
  7888 | D:7      | Found a hazy altar of Hepliaklqana.
  7888 | D:7      | Found a bloodstained altar of Trog.
  8533 | D:7      | Identified a scroll of acquirement
  8628 | D:7      | Found a glowing golden altar of the Shining One.
  8755 | D:7      | Reached skill level 9 in Stealth
  9442 | D:7      | Acquired the amulet of Sogobeyt {Will+ Regen+}
  9555 | D:8      | Found Venawunir's Distillery.
  9563 | D:8      | Bought a potion of cancellation for 112 gold pieces
  9810 | D:8      | Noticed a troll
  9814 | D:8      | Killed a troll
  9815 | D:8      | Reached XP level 10. HP: 51/51 MP: 21/21
 10736 | D:9      | Reached skill level 10 in Stealth
 11564 | D:9      | Identified the +2 robe of Orthodoxy {rN+ Str+3 Dex+3}
 11706 | D:9      | Learned a level 5 spell: Summon Mana Viper
 11731 | D:10     | Entered Level 10 of the Dungeon
 11734 | D:10     | Reached skill level 5 in Fighting
 11755 | D:10     | Found a staircase to the Lair.
 11755 | D:10     | Noticed an elephant
 11787 | D:10     | Killed an elephant
 12581 | D:10     | Noticed a two-headed ogre
 12586 | D:10     | Killed a two-headed ogre
 12587 | D:10     | Reached XP level 11. HP: 56/56 MP: 22/24
 12603 | D:10     | Found a staircase to the Orcish Mines.
 12633 | D:10     | Reached skill level 11 in Stealth
 12992 | D:10     | Found a snail-covered altar of Cheibriados.
 13207 | D:11     | Noticed a two-headed ogre
 13233 | D:11     | Found a frozen archway.
 13277 | IceCv    | Entered an ice cave
 14049 | IceCv    | Mangled by a three-headed hydra simulacrum

Illustrated notes

Levels and vault maps discovered:
D:1:      dpeg_arrival_snail, layout_basic, serial_shops,
          nicolae_shop_statue_plus, serial_forest, infiniplex_forest_end_2,
          infiniplex_forest_clump_small, infiniplex_forest_lined_room_,
          infiniplex_forest_clump_tiny, infiniplex_forest_clump_cross,
          infiniplex_forest_clump_double, infiniplex_forest_end_2,
          infiniplex_forest_clump_tiny
D:2:      layout_basic, glass_columns_a, moated_statue, uniq_crazy_yiuf_cottage,
          uniq_sigmund
D:3:      layout_rooms, nicolae_ru_sacrificial_ziggurat,
          okawaru_metal_pillars_1_2, mainiacjoe_overflow_concentric_impassable,
          nicolae_uskayaw_murder_on_the_dancefloor, amcnicky_altar_gilded,
          skrybe_limestone_x, minmay_stone_trees_small,
          kennysheep_generic_room_12
D:4:      layout_layer_cave, grunt_gozag_breadcrumbs,
          mainiacjoe_overflow_alcove_1, minmay_temple_entry_waves, serial_shops,
          nicolae_square_shop, shop, shop
D:5:      layout_gridville, nicolae_qazlal_general_emergency,
          gammafunk_ghost_arena, uniq_duvessa
D:6:      layout_basic, nicolae_dithmenos_through_a_glass_darkly,
          mainiacjoe_overflow_alcove_4, enter_ossuary_1
D:7:      layout_layer_cave, general_overflow_altar,
          chequers_temple_overflow_statue_of_worship
D:8:      layout_cave_pools, serial_shops, shop
D:9:      layout_irregular_city, grunt_ministairs_9, nicolae_wand_duel,
          nrook_mini_backslash
D:10:     layout_gridville, lemuel_coloured_pillars_altar, david_lair_generic,
          kennysheep_orc_monster_closet_entryway
D:11:     layout_loops_corners, portal_ice_cave_rime,
          nicolae_trove_entry_isolated, billiards_dpeg
Temple:   nicolae_temple_bog_church
IceCv:    ice_cave_caverns_01

Skill      XL: |  1  2  3  4  5  6  7  8  9 10 11 |
---------------+----------------------------------+-----
Dodging        | 3 4 5 6 7 8 9 |  9.3
Evocations     | 1 2 3 4 5 6 8 |  8.8
Hexes          | 4 5 6 7 8 9 |  9.2
Fighting       | 1 2 3 4 5 |  5.8
Short Blades   | 2 3 4 5 6 7 |  7.8
Stealth        | 5 6 7 8 9 10 11 | 11.5
Spellcasting   | 3 4 5 6 8 |  8.5

Action                     |  1- 3 |  4- 6 |  7- 9 | 10-12 || total
---------------------------+-------+-------+-------+-------++-------
  Melee: Dagger            |   102 |   145 |   190 |   310 ||   747
         Punch             |       |       |     3 |     3 ||     6
         Rapier            |       |       |     1 |       ||     1
   Cast: Ensorcelled Hiber |    12 |    37 |    44 |    71 ||   164
         Confusing Touch   |       |       |    16 |    25 ||    41
  Evoke: Wand              |       |       |     1 |       ||     1
    Use: Scroll            |     3 |     8 |     9 |     1 ||    21
         Potion            |       |     1 |     1 |     1 ||     3
   Stab: Sleeping          |    12 |    34 |    52 |    74 ||   172
         Distracted        |       |     2 |       |     1 ||     3
         Confused          |       |       |    13 |    18 ||    31
         Invisible         |       |       |     1 |       ||     1
 Armour: Robe              |    32 |    60 |    55 |    80 ||   227
  Dodge: Dodged            |   103 |   121 |   118 |   346 ||   688
